NYP
BATAVIA MUCKDOGS @ BOISE HAWKS
06/30/2045
 
TOP OF THE 1ST
Batavia Muckdogs batting - Pitching for Boise Hawks : RHP Danny Rasdall
Pitching: RHP Danny Rasdall
Batting: RHB Tom Thompson 0-0: Called Strike
0-1: Ball
1-1: SINGLE (Groundball, 34D, EV 111.2 MPH)
Batting: LHB David Doge 0-0: Ball
1-0: Ball
2-0: Foul Ball, location: 2F
2-1: Swinging Strike
2-2: Ball
3-2: Fielders Choice at 2nd, 3-6 (Groundball, 3S, EV 91.9 MPH)
Batting: RHB Len Graham 0-0: Ball
1-0: Fielders Choice at 2nd, 5-4 (Groundball, 56, EV 105.6 MPH)
Batting: RHB Jim Fisher 0-0: Ball
1-0: Called Strike
1-1: Foul Ball, location: 2F
1-2: Foul Ball, location: 2F
1-2: Foul Ball, location: 2F
1-2: Foul Ball, location: 2F
1-2: Ball
2-2: Foul Ball, location: 2F
2-2: Fly out, F9 (Flyball, 89D, EV 101.9 MPH)
Top of the 1st over - 0 runs, 1 hit, 0 errors, 1 left on base; Batavia 0 - Boise 0
BOTTOM OF THE 1ST
Boise Hawks batting - Pitching for Batavia Muckdogs : LHP Brian Worthy
Pitching: LHP Brian Worthy
Batting: RHB Bodil Hardenberg 0-0: Ball
1-0: Foul Ball, location: 2F
1-1: Ball
2-1: Ball
3-1: Called Strike
3-2: Foul Ball, location: 2F
3-2: SINGLE (Line Drive, 78M, EV 108.1 MPH)
Batting: LHB Chris Raymond 0-0: Called Strike
0-1: Ball
1-1: Ball
2-1: Ball
3-1: Foul Ball, location: 2F
3-2: Ground out U3 (Groundball, 3, EV 102.5 MPH)
Bodil Hardenberg to second
Batting: RHB Ernest Olkowicz 0-0: Ball
1-0: Swinging Strike
1-1: Ball
2-1: Ball
3-1: Base on Balls
Batting: RHB Mike Manchester 0-0: Fielders Choice at 2nd, 6-4 (Groundball, 6, EV 83.1 MPH)
Bodil Hardenberg to third
Batting: RHB Andy Solorzano 0-0: Called Strike
0-1: Ball
1-1: Ball
2-1: SINGLE (Flyball, 8LS, EV 83.8 MPH)
Bodil Hardenberg scores
Mike Manchester to second
Batting: LHB Ryan Rodgers 0-0: Ball
1-0: Foul Ball, location: 2F
Balk!
Mike Manchester to third
Andy Solorzano to second
1-1: Fly out, F6 (Line Drive, 6, EV 68.1 MPH)
Bottom of the 1st over - 1 run, 2 hits, 0 errors, 2 left on base; Batavia 0 - Boise 1
TOP OF THE 2ND
Batavia Muckdogs batting - Pitching for Boise Hawks : RHP Danny Rasdall
Batting: LHB Matt McKeon 0-0: Ball
1-0: Ground out 4-3 (Groundball, 4, EV 88.8 MPH)
Batting: RHB Andy Kelly 0-0: Ball
1-0: Ball
2-0: Called Strike
2-1: Ball
3-1: Base on Balls
Batting: RHB J.D. Vander Klok 0-0: TRIPLE (Flyball, 89XD, EV 108.1 MPH)
Andy Kelly scores
Batting: SHB Yoo-chul Jung 0-0: Foul Ball, location: 2F
0-1: Swinging Strike
0-2: Foul Ball, location: 2F
0-2: Strikes out swinging
Batting: RHB Wilson Valdez 0-0: Called Strike
0-1: Foul Ball, location: 2F
0-2: Ball
1-2: Foul Ball, location: 2F
1-2: Strikes out swinging
Top of the 2nd over - 1 run, 1 hit, 0 errors, 1 left on base; Batavia 1 - Boise 1
BOTTOM OF THE 2ND
Boise Hawks batting - Pitching for Batavia Muckdogs : LHP Brian Worthy
Batting: RHB Max Schellekens 0-0: SINGLE (Groundball, 56D, EV 101.9 MPH)
Batting: RHB Nick Rang 0-0: Called Strike
0-1: Ball
1-1: Foul Ball, location: 2F
1-2: Ball
2-2: DOUBLE (Line Drive, 89XD, EV 109.4 MPH)
Max Schellekens to third
Runner from 3rd tries for Home, SAFE, throw by CF to trailing runner, SAFE at third!
Batting: LHB Mick Knopp 0-0: Called Strike
0-1: Ball
1-1: Ball
2-1: Ground out 6-3 (Groundball, 6M, EV 88.1 MPH)
Nick Rang scores
Batting: RHB Bodil Hardenberg 0-0: Ball
1-0: Ball
2-0: Ball
3-0: Base on Balls
Batting: LHB Chris Raymond 0-0: Called Strike
0-1: Ball
1-1: Ball
2-1: Foul Ball, location: 2F
2-2: Strikes out swinging
Batting: RHB Ernest Olkowicz 0-0: Ball
1-0: Ball
2-0: Ball
Wild Pitch!
Bodil Hardenberg to second
3-0: Called Strike
3-1: Swinging Strike
3-2: Foul Ball, location: 2F
3-2: Foul Ball, location: 2F
3-2: Ground out 4-3 (Groundball, 4, EV 102.5 MPH)
Bottom of the 2nd over - 2 runs, 2 hits, 0 errors, 1 left on base; Batavia 1 - Boise 3
TOP OF THE 3RD
Batavia Muckdogs batting - Pitching for Boise Hawks : RHP Danny Rasdall
Batting: RHB Tom Thompson 0-0: Called Strike
0-1: Ball
1-1: Foul Ball, location: 2F
1-2: Ground out 4-3 (Groundball, 4, EV 85.0 MPH)
Batting: LHB David Doge 0-0: Called Strike
0-1: Fly out, F7 (Flyball, 78M, EV 90.6 MPH)
Batting: RHB Len Graham 0-0: SINGLE (Groundball, 6MD, EV 93.8 MPH)
Batting: RHB Jim Fisher 0-0: Called Strike
0-1: Ball
1-1: Ball
2-1: Ball
Wild Pitch!
Len Graham to second
3-1: Base on Balls
Batting: LHB Matt McKeon 0-0: Called Strike
0-1: Ball
1-1: Foul Ball, location: 2F
1-2: Strikes out swinging
Top of the 3rd over - 0 runs, 1 hit, 0 errors, 2 left on base; Batavia 1 - Boise 3
BOTTOM OF THE 3RD
Boise Hawks batting - Pitching for Batavia Muckdogs : LHP Brian Worthy
Batting: RHB Mike Manchester 0-0: Ball
1-0: Fly out, F7 (Flyball, 7D, EV 106.9 MPH)
Batting: RHB Andy Solorzano 0-0: Ball
1-0: Ball
2-0: Called Strike
2-1: Called Strike
2-2: Ball
3-2: Ground out 5-3 (Groundball, 5, EV 108.8 MPH)
Batting: LHB Ryan Rodgers 0-0: Called Strike
0-1: Ball
1-1: DOUBLE (Line Drive, 9LM, EV 111.9 MPH)
Batting: RHB Max Schellekens 0-0: Ball
1-0: Foul Ball, location: 2F
1-1: Called Strike
1-2: Fly out, F5 (Line Drive, 5, EV 67.5 MPH)
Bottom of the 3rd over - 0 runs, 1 hit, 0 errors, 1 left on base; Batavia 1 - Boise 3
TOP OF THE 4TH
Batavia Muckdogs batting - Pitching for Boise Hawks : RHP Danny Rasdall
Batting: RHB Andy Kelly 0-0: Foul Ball, location: 2F
0-1: Called Strike
0-2: Strikes out swinging
Batting: RHB J.D. Vander Klok 0-0: Called Strike
0-1: Called Strike
0-2: Ball
1-2: TRIPLE (Flyball, 89XD, EV 103.8 MPH)
Batting: SHB Yoo-chul Jung 0-0: Fly out, F9 (Line Drive, 9, EV 93.8 MPH)
Batting: RHB Wilson Valdez 0-0: Fly out, F8 (Flyball, 8RM, EV 81.9 MPH)
Top of the 4th over - 0 runs, 1 hit, 0 errors, 1 left on base; Batavia 1 - Boise 3
BOTTOM OF THE 4TH
Boise Hawks batting - Pitching for Batavia Muckdogs : LHP Brian Worthy
Batting: RHB Nick Rang 0-0: Ball
1-0: Ball
2-0: Ball
3-0: Foul Ball, location: 2F
3-1: Foul Ball, location: 2F
3-2: SINGLE (Line Drive, 4D, EV 106.9 MPH)
Batting: LHB Mick Knopp 0-0: Fielders Choice at 2nd, 6-4 (Groundball, 6, EV 95.6 MPH)
Pitching: RHP Aidan Mitchell
Batting: RHB Bodil Hardenberg 0-0: Ball
1-0: Foul Ball, location: 2F
1-1: Foul Ball, location: 2F
1-2: Ball
2-2: Foul Ball, location: 2F
2-2: Grounds into double play, 6-4-3 (Groundball, 6, EV 92.5 MPH)
Bottom of the 4th over - 0 runs, 1 hit, 0 errors, 0 left on base; Batavia 1 - Boise 3
TOP OF THE 5TH
Batavia Muckdogs batting - Pitching for Boise Hawks : RHP Danny Rasdall
Batting: RHB Tom Thompson 0-0: Called Strike
0-1: DOUBLE (Line Drive, 5D, EV 95.0 MPH)
Batting: LHB David Doge 0-0: Ball
1-0: Ball
2-0: Swinging Strike
2-1: Ground out 5-3 (Groundball, 56, EV 80.6 MPH)
Batting: RHB Len Graham 0-0: Ball
1-0: Called Strike
1-1: Foul Ball, location: 2F
1-2: Ground out 5-3 (Groundball, 5, EV 92.5 MPH)
Batting: RHB Jim Fisher 0-0: SINGLE (Groundball, 4D, EV 96.2 MPH)
Tom Thompson to third
Runner from 3rd tries for Home, SAFE, throw by RF to home
Batting: LHB Matt McKeon 0-0: Called Strike
0-1: Called Strike
0-2: Ball
1-2: Ball
2-2: Strikes out swinging
Top of the 5th over - 1 run, 2 hits, 0 errors, 1 left on base; Batavia 2 - Boise 3
BOTTOM OF THE 5TH
Boise Hawks batting - Pitching for Batavia Muckdogs : RHP Aidan Mitchell
Batting: LHB Chris Raymond 0-0: Called Strike
0-1: Ball
1-1: Ball
2-1: Ball
3-1: Base on Balls
Batting: RHB Ernest Olkowicz 0-0: Ball
1-0: Called Strike
1-1: Fielders Choice at 2nd, 3-6 (Groundball, 3, EV 82.5 MPH)
Batting: RHB Mike Manchester 0-0: Called Strike
0-1: Called Strike
Ernest Olkowicz steals 2nd base
0-2: Ball
1-2: Ball
2-2: Ball
3-2: SINGLE (Groundball, 56D, EV 102.5 MPH) (infield hit)
Ernest Olkowicz to third
Pitching: RHP James Bitner
Batting: RHB Andy Solorzano 0-0: Ball
1-0: Foul Ball, location: 2F
1-1: Ball
Mike Manchester steals 2nd base (no throw)
2-1: Ball
3-1: Base on Balls
Batting: LHB Ryan Rodgers 0-0: Ball
1-0: Ball
2-0: Foul Ball, location: 2F
2-1: SINGLE (Groundball, 4, EV 105.0 MPH)
Ernest Olkowicz scores
Mike Manchester to third
Andy Solorzano to second
Runner from 3rd tries for Home, SAFE, throw by CF to home
Batting: RHB Max Schellekens 0-0: Ball
1-0: Ball
2-0: SINGLE (Line Drive, 9S, EV 104.4 MPH)
Andy Solorzano to third
Ryan Rodgers to second
Batting: RHB Nick Rang 0-0: Called Strike
0-1: Swinging Strike
0-2: Ball
1-2: Ball
2-2: Ball
3-2: Base on Balls
Andy Solorzano scores
Ryan Rodgers to third
Max Schellekens to second
Pitching: RHP Mike Yorke
Batting: LHB Mick Knopp 0-0: Called Strike
0-1: Fly out, F9 (Flyball, 9D, EV 90.0 MPH)
Runner from 3rd tags up, SCORES, throw by RF
Batting: RHB Bodil Hardenberg 0-0: Ball
1-0: Foul Ball, location: 2F
1-1: Ball
Wild Pitch!
Max Schellekens to third
Nick Rang to second
2-1: Foul Ball, location: 2F
2-2: Ball
3-2: SINGLE (Groundball, 5D, EV 93.8 MPH)
Max Schellekens scores
Nick Rang to third
Runner from 3rd tries for Home, SAFE, throw by LF to home
Batting: LHB Chris Raymond 0-0: Called Strike
Bodil Hardenberg steals 2nd, throwing error, E2
Bodil Hardenberg to third
0-1: Called Strike
0-2: Ball
1-2: Ball
2-2: Strikes out looking
Bottom of the 5th over - 6 runs, 4 hits, 1 error, 1 left on base; Batavia 2 - Boise 9
TOP OF THE 6TH
Batavia Muckdogs batting - Pitching for Boise Hawks : RHP Danny Rasdall
Batting: RHB Andy Kelly 0-0: Called Strike
0-1: Swinging Strike
0-2: Fly out, F9 (Flyball, 9, EV 91.2 MPH)
Pitching: RHP Jeremy Richards
Batting: RHB J.D. Vander Klok 0-0: Ball
1-0: TRIPLE (Line Drive, 89XD, EV 110.0 MPH)
Batting: SHB Yoo-chul Jung 0-0: Ball
1-0: Called Strike
1-1: Ball
2-1: Called Strike
2-2: Ball
3-2: Foul Ball, location: 2F
3-2: Strikes out looking
Batting: RHB Wilson Valdez 0-0: Single, Error in OF, E7, batter to second base (Line Drive, 56, EV 96.2 MPH)
J.D. Vander Klok scores
Batting: RHB Tom Thompson 0-0: Swinging Strike
0-1: Ball
1-1: Foul Ball, location: 2F
1-2: Strikes out looking
Top of the 6th over - 1 run, 2 hits, 1 error, 1 left on base; Batavia 3 - Boise 9
BOTTOM OF THE 6TH
Boise Hawks batting - Pitching for Batavia Muckdogs : RHP Mike Yorke
Batting: RHB Ernest Olkowicz 0-0: Called Strike
0-1: Called Strike
0-2: Foul Ball, location: 2F
0-2: SINGLE (Groundball, 56D, EV 98.1 MPH)
Batting: RHB Mike Manchester 0-0: Ball
1-0: Called Strike
1-1: Ball
2-1: Foul Ball, location: 2F
2-2: Ball
3-2: Base on Balls
Ernest Olkowicz to second
Pitching: RHP Dan Durand
Batting: RHB Andy Solorzano 0-0: Ball
1-0: Called Strike
1-1: Called Strike
1-2: Ball
2-2: Ball
3-2: Foul Ball, location: 2F
3-2: Base on Balls
Ernest Olkowicz to third
Mike Manchester to second
Batting: LHB Ryan Rodgers 0-0: Ball
1-0: SINGLE (Groundball, 6D, EV 93.8 MPH)
Ernest Olkowicz scores
Mike Manchester to third
Andy Solorzano to second
Batting: RHB Max Schellekens 0-0: Called Strike
0-1: Fielders Choice at 2nd, 5-4 (Groundball, 56, EV 90.6 MPH)
Mike Manchester scores
Andy Solorzano to third
Batting: RHB Nick Rang 0-0: Ball
1-0: SINGLE (Groundball, 34D, EV 97.5 MPH)
Andy Solorzano scores
Max Schellekens to second
Batting: LHB Mick Knopp 0-0: Called Strike
0-1: Ball
1-1: Called Strike
1-2: Ball
2-2: SINGLE (Groundball, 6D, EV 103.1 MPH)
Max Schellekens to third
Nick Rang to second
Runner from 3rd tries for Home, SAFE, throw by CF to home
Pitching: RHP Nate Crofts
Batting: RHB Bodil Hardenberg 0-0: Ball
1-0: Fly out, F9 (Flyball, 9LM, EV 87.5 MPH)
Batting: LHB Chris Raymond 0-0: Called Strike
0-1: Ball
1-1: Swinging Strike
1-2: Ground out 4-3 (Groundball, 4S, EV 81.9 MPH)
Bottom of the 6th over - 4 runs, 4 hits, 0 errors, 2 left on base; Batavia 3 - Boise 13
TOP OF THE 7TH
Batavia Muckdogs batting - Pitching for Boise Hawks : RHP Jeremy Richards
Batting: LHB David Doge 0-0: Called Strike
0-1: Foul Ball, location: 2F
0-2: Strikes out swinging
Batting: RHB Len Graham 0-0: Called Strike
0-1: Ball
1-1: Foul Ball, location: 2F
1-2: Foul Ball, location: 2F
1-2: Ball
2-2: Ball
3-2: Base on Balls
Batting: RHB Jim Fisher 0-0: Ball
1-0: Ball
2-0: Called Strike
2-1: Foul Ball, location: 2F
2-2: Grounds into double play, 3-6-1 (Groundball, 23, EV 80.6 MPH)
Top of the 7th over - 0 runs, 0 hits, 0 errors, 0 left on base; Batavia 3 - Boise 13
BOTTOM OF THE 7TH
Boise Hawks batting - Pitching for Batavia Muckdogs : RHP Nate Crofts
Pinch Hitting: RHB Brent Moody 0-0: Ball
1-0: Called Strike
1-1: Ground out 3-1 (Groundball, 34, EV 103.1 MPH)
Pinch Hitting: RHB Haykuhi Kagramanian 0-0: Ball
1-0: Called Strike
1-1: Swinging Strike
1-2: Ball
2-2: Foul Ball, location: 2F
2-2: Ball
3-2: Foul Ball, location: 2F
3-2: Foul Ball, location: 2F
3-2: Base on Balls
Pinch Hitting: RHB Dan House 0-0: Ball
1-0: SINGLE (Groundball, 56D, EV 106.9 MPH)
Haykuhi Kagramanian to second
Batting: LHB Ryan Rodgers 0-0: Ball
1-0: Ball
2-0: Ball
3-0: Base on Balls
Haykuhi Kagramanian to third
Dan House to second
Pinch Hitting: LHB Mike Clark 0-0: DOUBLE (Groundball, 3L, EV 106.2 MPH)
Haykuhi Kagramanian scores
Dan House scores
Ryan Rodgers to third
Runner from 3rd tries for Home, SAFE, no throw by RF
Pinch Hitting: RHB Jaden Mills 0-0: Fly out, F8 (Line Drive, 8LM, EV 90.6 MPH)
Batting: LHB Mick Knopp 0-0: Called Strike
0-1: SINGLE (Flyball, 8RS, EV 92.5 MPH)
Mike Clark to third
Runner from 3rd tries for Home, SAFE, throw by CF to home
Batting: RHB Bodil Hardenberg 0-0: Ball
1-0: Foul Ball, location: 2F
Balk!
Mick Knopp to second
1-1: Ball
2-1: Fly out, F5 (Line Drive, 5, EV 63.1 MPH)
Bottom of the 7th over - 4 runs, 3 hits, 0 errors, 1 left on base; Batavia 3 - Boise 17
TOP OF THE 8TH
Batavia Muckdogs batting - Pitching for Boise Hawks : RHP Jeremy Richards
Now at 1B: Bob Staley
Now at 2B: Mike Clark
Now at 3B: Haykuhi Kagramanian
Now at SS: Brent Moody
Now in LF: Jaden Mills
Batting: LHB Matt McKeon 0-0: Ball
1-0: Ball
2-0: Ball
3-0: Base on Balls
Batting: RHB Andy Kelly 0-0: SINGLE (Groundball, 56D, EV 98.1 MPH)
Matt McKeon to second
Batting: RHB J.D. Vander Klok 0-0: Called Strike
0-1: Ball
Wild Pitch!
Matt McKeon to third
Andy Kelly to second
1-1: DOUBLE (Line Drive, 7LM, EV 97.5 MPH)
Matt McKeon scores
Andy Kelly scores
Batting: SHB Yoo-chul Jung 0-0: Ball
1-0: Swinging Strike
1-1: Foul Ball, location: 2F
1-2: Ball
2-2: Foul Ball, location: 2F
2-2: Strikes out looking
Pitching: LHP Ruben Nunez
Batting: RHB Wilson Valdez 0-0: Ball
1-0: Ball
2-0: SINGLE (Line Drive, 3L, EV 97.5 MPH)
J.D. Vander Klok to third
Batting: RHB Tom Thompson 0-0: SINGLE (Line Drive, 8RS, EV 93.1 MPH)
J.D. Vander Klok scores
Wilson Valdez to second
Batting: LHB David Doge 0-0: Fly out, F5 (Popup, 25F, EV 85.6 MPH)
Batting: RHB Len Graham 0-0: Ball
1-0: Fly out, F9 (Flyball, 9D, EV 100.0 MPH)
Top of the 8th over - 3 runs, 4 hits, 0 errors, 2 left on base; Batavia 6 - Boise 17
BOTTOM OF THE 8TH
Boise Hawks batting - Pitching for Batavia Muckdogs : RHP Nate Crofts
Batting: LHB Chris Raymond 0-0: Called Strike
0-1: SOLO HOME RUN (Line Drive, 89XD, EV 101.9 MPH), Distance : 396 ft
Pitching: RHP Ryan Thompson
Batting: RHB Brent Moody 0-0: Called Strike
0-1: Ball
1-1: Ball
2-1: Foul Ball, location: 2F
2-2: Foul Ball, location: 2F
2-2: Ball
3-2: Base on Balls
Batting: RHB Haykuhi Kagramanian 0-0: Called Strike
0-1: Ball
1-1: Ball
2-1: Foul Ball, location: 2F
2-2: Ball
3-2: Base on Balls
Brent Moody to second
Batting: RHB Bob Staley 0-0: Called Strike
0-1: Ball
1-1: Ball
2-1: Foul Ball, location: 2F
2-2: Ball
3-2: Foul Ball, location: 2F
3-2: Base on Balls
Brent Moody to third
Haykuhi Kagramanian to second
Batting: LHB Ryan Rodgers Balk!
Brent Moody scores
Haykuhi Kagramanian to third
Bob Staley to second
0-0: Foul Ball, location: 2F
0-1: Ball
1-1: Ball
Wild Pitch!
Haykuhi Kagramanian scores
Bob Staley to third
2-1: Ball
3-1: Foul Ball, location: 2F
3-2: Reached on error, E1 (Groundball, 15S, EV 74.4 MPH)
Bob Staley scores
Batting: LHB Mike Clark 0-0: SINGLE (Groundball, 4M, EV 104.4 MPH)
Ryan Rodgers to third
Batting: RHB Jaden Mills 0-0: Ball
1-0: Grounds into double play, 4-6-3 (Groundball, 4, EV 84.4 MPH)
Ryan Rodgers scores
Batting: LHB Mick Knopp 0-0: Ground out 3-1 (Groundball, 34, EV 107.5 MPH)
Bottom of the 8th over - 5 runs, 2 hits, 1 error, 0 left on base; Batavia 6 - Boise 22
TOP OF THE 9TH
Batavia Muckdogs batting - Pitching for Boise Hawks : LHP Ruben Nunez
Batting: RHB Jim Fisher 0-0: Ball
1-0: Ball
2-0: Foul Ball, location: 2F
2-1: TRIPLE (Groundball, 3L, EV 98.8 MPH)
Pinch Hitting: RHB Israel Gaona 0-0: Ball
1-0: Ball
2-0: Foul Ball, location: 2F
2-1: Ball
3-1: Called Strike
3-2: Ground out 5-3 (Groundball, 56, EV 90.6 MPH)
Jim Fisher scores
Batting: RHB Andy Kelly 0-0: Ball
1-0: Ground out 5-3 (Groundball, 5, EV 83.8 MPH)
Batting: RHB J.D. Vander Klok 0-0: Called Strike
0-1: Ball
1-1: Ball
2-1: Swinging Strike
2-2: Ball
3-2: Foul Ball, location: 2F
3-2: Base on Balls
Batting: SHB Yoo-chul Jung 0-0: Ball
Wild Pitch!
J.D. Vander Klok to second
1-0: Ball
2-0: Ball
3-0: Called Strike
3-1: Swinging Strike
3-2: Ground out 5-3 (Groundball, 56, EV 105.6 MPH)
Top of the 9th over - 1 run, 1 hit, 0 errors, 1 left on base; Batavia 7 - Boise 22
Wednesday, June 22nd , 2022 - OOTP Baseball 23.4 Build 64